 Dungeon Crawl Stone Soup version 0.26.1-2-gb8aa6d0cf2 (webtiles) character file.

Game seed: 7222850030763044965

218441 Revguard the Severer (level 19, -10/152 (170) HPs)
             Began as a Hill Orc Monk on Mar 6, 2021.
             Was the Champion of Beogh.
             Killed from afar by a deep elf death mage (27 damage)
             ... with a bolt of negative energy
             ... on level 3 of the Elven Halls on Mar 9, 2021.
             The game lasted 02:17:13 (36390 turns).

Revguard the Severer (Hill Orc Monk)               Turns: 36390, Time: 02:17:14

HP:   -10/152 (170) AC: 29    Str: 20    XL:     19   Next: 11%
MP:   25/31         EV:  8    Int: 12    God:    Beogh [******]
Gold: 1861          SH: 21    Dex: 19    Spells: 18/18 levels left

rFire    + + +     SeeInvis +   c - +9 war axe (vamp)
rCold    . . .     Faith    +   t - +2 tower shield {reflect}
rNeg     . . .     Spirit   .   R - +3 plate armour {rF+}
rPois    .         Reflect  +   z - +2 helmet "Mocsij" {+Fly rF+}
rElec    .         Harm     +   x - +0 cloak
rCorr    .         Rampage  .   E - +0 pair of gloves "Xevaoq" {Harm +Fly Dex+4}
Will     +....                  n - +0 pair of boots
Stlth    ..........             k - amulet "Okiat" {Faith Slay+2}
HPRegen  0.35/turn              Z - ring of see invisible
MPRegen  0.22/turn              O - +4 ring of slaying

@: heavily drained, invisible
A: walk on water, clever 1, fire resistance 1
}: 1/15 runes: gossamer
a: Renounce Religion, Evoke Flight, Smiting, Recall Orcish Followers, Give Item
to Named Follower, Resurrection


You were on level 3 of the Elven Halls.
You worshipped Beogh.
Beogh was exalted by your worship.
You visited 5 branches of the dungeon, and saw 30 of its levels.
You also visited: Ossuary and Ice Cave.

You collected 3983 gold pieces.
You spent 2122 gold pieces at shops.

Inventory:

Hand Weapons
 c - a +9 vampiric war axe (weapon)
 H - a +2 battleaxe of holy wrath
Armour
 n - a +0 pair of boots (worn)
 t - a +2 tower shield of reflection (worn)
 x - a +0 cloak (worn)
 z - the +2 helmet "Mocsij" (worn) {+Fly rF+}
   (You found it on level 11 of the Dungeon)

   It protects you from fire.
   It lets you fly.
 E - the +0 pair of gloves "Xevaoq" (worn) {Harm +Fly Dex+4}
   (You found it on level 7 of the Dungeon)

   It affects your dexterity (+4).
   It lets you fly.
   It increases damage dealt and taken.
 R - a +3 plate armour of fire resistance (worn)
 T - a +3 buckler of protection
Jewellery
 d - an uncursed ring of poison resistance
 i - an uncursed ring of protection from fire
 k - the amulet "Okiat" (around neck) {Faith Slay+2}
   (You found it on level 3 of the Spider Nest)

   [amulet of faith]

   It allows you to gain divine favour quickly.
   It affects your accuracy and damage with ranged weapons and melee attacks
   (+2).
 C - an uncursed ring of willpower
 J - an uncursed ring of flight
 O - a +4 ring of slaying (right hand)
 Z - a ring of see invisible (left hand)
Wands
 e - a wand of iceblast (19)
 m - a wand of disintegration (9)
 o - a wand of digging (24)
 p - a wand of polymorph (17)
 v - a wand of enslavement (6)
 G - a wand of flame (131)
 K - a wand of acid (11)
 L - a wand of random effects (60)
 X - a wand of paralysis (2)
Scrolls
 f - a scroll of enchant armour
 g - 8 scrolls of teleportation
 h - 15 scrolls of remove curse
 l - 6 scrolls of magic mapping
 u - a scroll of blinking
 y - 2 scrolls of brand weapon
 D - a scroll of vulnerability
 P - 2 scrolls of fear
 V - 2 scrolls of amnesia
Potions
 a - 11 potions of ambrosia
 b - 8 potions of haste
 q - a potion of brilliance
 r - 5 potions of might
 s - 22 potions of curing
 w - 3 potions of mutation
 A - 2 potions of cancellation
 F - 2 potions of invisibility
 N - 8 potions of heal wounds
 S - 5 potions of magic
 U - 5 potions of resistance
Miscellaneous
 j - a phial of floods
 B - a lightning rod (3/4)
 I - a phantom mirror (inert)


   Skills:
 + Level 15.5 Fighting
 + Level 19.0 Axes
 * Level 17.0 Armour
 + Level 5.7 Dodging
 - Level 1.5 Stealth
 + Level 11.9 Shields
 * Level 16.7 Invocations
 * Level 13.1 Evocations


You had 18 spell levels left.
You didn't know any spells.
Your spell library contained the following spells:

 Spells                   Type           Power        Failure   Level
 Beastly Appendage        Tmut           0%           100%        1
 Corona                   Hex            0%           100%        1
 Magic Dart               Conj           0%           100%        1
 Sting                    Tmut/Pois      0%           100%        1
 Blink                    Tloc           N/A          100%        2
 Call Imp                 Summ           0%           100%        2
 Poisonous Vapours        Pois/Air       0%           100%        2
 Slow                     Hex            0%           100%        2
 Wereblood                Tmut           0%           100%        2
 Confusing Touch          Hex            0%           100%        3
 Conjure Flame            Conj/Fire      0%           100%        3
 Gell's Gravitas          Tloc           0%           100%        3
 Ignite Poison            Fire/Tmut/Pois 0%           100%        3
 Inner Flame              Hex/Fire       0%           100%        3
 Mephitic Cloud           Conj/Pois/Air  0%           100%        3
 Portal Projectile        Hex/Tloc       0%           100%        3
 Spider Form              Tmut/Pois      0%           100%        3
 Static Discharge         Conj/Air       0%           100%        3
 Cause Fear               Hex            0%           100%        4
 Ice Form                 Ice/Tmut       0%           100%        4
 Leda's Liquefaction      Hex/Erth       0%           100%        4
 Olgreb's Toxic Radiance  Pois           0%           100%        4
 Petrify                  Tmut/Erth      0%           100%        4
 Blade Hands              Tmut           0%           100%        5
 Lightning Bolt           Conj/Air       0%           100%        5
 Metabolic Englaciation   Hex/Ice        0%           100%        5
 Summon Demon             Summ           0%           100%        5
 Summon Forest            Summ/Tloc      0%           100%        5
 Summon Mana Viper        Hex/Summ       0%           100%        5
 Yara's Violent Unravell  Hex/Tmut       0%           100%        5
 Conjure Ball Lightning   Conj/Air       0%           100%        6
 Freezing Cloud           Conj/Ice/Air   0%           100%        6
 Shadow Creatures         Summ           N/A          100%        6
 Summon Hydra             Summ           0%           100%        7
 Ignition                 Fire           0%           100%        8
 Shatter                  Erth           0%           100%        9
 Tornado                  Air            0%           100%        9


Dungeon Overview and Level Annotations

Branches:
Dungeon (15/15)            Temple (0/1) D:6            Lair (6/6) D:11
 Shoals (0/4) Lair:3       Spider (4/4) Lair:2        Slime (0/5) Lair:5
    Orc (2/2) D:11            Elf (3/3) Orc:2        Vaults (0/5) D:13
 Depths (0/5) D:15        Ossuary (visited)           IceCv (visited)

Altars:
Cheibriados
Dithmenos
Elyvilon
Fedhas
Nemelex Xobeh
Okawaru
Qazlal
Ru
Sif Muna
Wu Jian
Xom
Zin
The Shining One
Beogh

Shops:
D:5 (:[!   D:6 *   D:13 (**[   Orc:2 *}(}   Elf:2 :   Elf:3 ?


Innate Abilities, Weirdness & Mutations

You can walk on water.
Your mind is acute. (Int +2)
Your flesh is heat resistant. (rF+)


Message History

The deep elf master archer shoots an arrow.
You reflect the arrow off your +2 tower shield of reflection!
The arrow hits the deep elf master archer!!
The lost soul assumes the form of the deep elf master archer and becomes anchored to this world!
You fade into invisibility!
Bogric no longer looks unusually strong.
The deep elf blademaster hits you with a +0 rapier.
* * * LOW HITPOINT WARNING * * *
The deep elf blademaster hits you with a +0 rapier.
* * * LOW HITPOINT WARNING * * *
The ghostly deep elf master archer shoots an arrow.
You reflect the arrow off your +2 tower shield of reflection!
The arrow hits the ghostly deep elf master archer!!
Borgun roars a battlecry!
Bogric goes into a battle-frenzy!
The deep elf death mage points at you and mumbles some strange words.
The bolt of negative energy hits the ghostly deep elf master archer.
The ghostly deep elf master archer completely resists.
The bolt of negative energy hits you!!
You feel drained.
You die... ### #..o# .2⌠ #.o.# eee #.### e1e

##.o.
######e######
#oo.
.#...≈≈)≈≈...###
##o.o
.....≈≈.≈≈......
#.... ###
#..e≈≈e≈≈...#
#.... ..#
#..e≈≈o@≈...#
#.... #.#
######o######
##... #○# #o#
#... #.# #o#
#... #.# #o#
#### #.# #.# ##
#.# #o# # ..#
##o## # ..#
##...## #### #


You could see a deep elf blademaster, a reaper (summoned), a ghostly deep elf
master archer (wandering), a deep elf annihilator, 2 deep elf death magi, an
Executioner (summoned, fast), a deep elf sorcerer, a deep elf demonologist, the
friendly Bogric the orc warlord (strong), the friendly Bogwald the orc warlord
(strong, drained), the friendly Gorbash the orc warlord (strong), the friendly
Wargath the orc warlord (strong), the friendly Bogbarth the orc knight (strong),
the friendly Borgun the orc knight (strong) and the friendly Gorg the orc knight
(strong).

Vanquished Creatures
  A deep elf master archer (Elf:3)
  2 deep elf sorcerers (Elf:3)
  An emperor scorpion (Spider:4)
  4 ghost moths
  3 deep elf elementalists (Elf:3)
  3 deep elf demonologists (Elf:3)
  A deep elf annihilator (Elf:1)
  3 entropy weavers
  2 spark wasps (Spider:4)
  4 deep elf death magi (Elf:3)
  A fire dragon (Lair:6)
  Josephine (Spider:1)
  3 boulder beetles
  A rakshasa (D:15)
  10 hydras
  A centaur warrior (D:14)
  21 dancing weapons
  8 two-headed ogres
  5 death yaks
  An orc high priest (Orc:1)
  7 deep elf knights
  4 slime creatures
  A goliath frog (shapeshifter) (D:15)
  4 unseen horrors
  A glowing orange brain (D:15)
  An unseen horror (shapeshifter) (D:15)
  4 deep elf archers
  A wizard (D:15)
  An obsidian statue (D:9)
  15 wolf spiders
  8 orb spiders
  6 ugly things
  41 deep elf magi
  An orc sorcerer (Orc:1)
  A moth of wrath (Spider:1)
  2 oklob plants (Lair:5)
  2 cyclopes (Orc:2)
  7 elephants
  2 centaur zombies (D:13)
  2 ice statues (IceCv)
  A gargoyle (D:15)
  6 black mambas
  11 cane toads
  2 torpor snails
  2 rime drakes
  An efreet (D:15)
  4 komodo dragons
  5 demonic crawlers
  A kobold demonologist (D:15)
  A yaktaur (D:15)
  8 ice devils (IceCv)
  A queen bee (Lair:2)
  6 trolls
  14 jumping spiders
  6 hornets
  A blink frog (shapeshifter) (Elf:3)
  5 blink frogs
  A dream sheep (Lair:4)
  11 tarantellas
  3 air elementals
  61 redbacks
  25 wyverns
  2 water elementals (Elf:1)
  5 shadows
  Sigmund (D:4)
  5 wraiths (Spider:1)
  Eustachio (D:6)
  2 steam dragons
  5 basilisks
  11 yaks
  4 fire elementals
  2 vampire mosquitoes (D:12)
  A warg (Orc:1)
  A swamp worm (shapeshifter) (Elf:3)
  2 acid dragons
  9 water moccasins
  A black bear (shapeshifter) (D:15)
  A phantom (D:4)
  5 ice beasts
  A hornet zombie (D:15)
  An eye of draining (shapeshifter) (D:15)
  3 sky beasts
  6 orc warriors
  11 centaurs
  10 wolves
  6 ogres
  11 bullfrogs
  A big kobold (D:8)
  A wyvern zombie (D:12)
  2 water moccasin zombies
  An earth elemental (Elf:1)
  A wyvern skeleton (D:14)
  22 killer bees
  4 scorpions
  6 wights
  5 howler monkeys
  A quasit (D:12)
  6 hounds
  Crazy Yiuf (D:7)
  9 orc priests
  7 jellies
  10 orc wizards
  A bullfrog skeleton (D:6)
  5 centaur skeletons
  7 iguanas
  A worker ant (D:11)
  3 hell rats (Lair:3)
  3 big kobold zombies (Ossuary)
  2 ogre zombies (D:11)
  A hound zombie (D:9)
  3 mummies
  3 hound skeletons
  A worker ant zombie (D:5)
  A howler monkey skeleton (D:5)
  A howler monkey zombie (D:5)
  6 gnolls
  8 adders
  A shadow imp (D:8)
  17 white imps
  4 ufetubi
  4 oozes
  2 adder zombies
  An adder skeleton (D:5)
  2 worms
  A dart slug (D:3)
  4 leopard geckos
  11 orcs
  6 bats
  7 giant cockroaches
  A gnoll zombie (Ossuary)
  5 goblins
  5 hobgoblins
  6 jackals
  2 quokkas
  2 ball pythons
  6 frilled lizards
  A goblin skeleton (D:11)
  2 goblin zombies (D:11)
  A hobgoblin skeleton (D:11)
  5 hobgoblin zombies (Ossuary)
  3 jackal skeletons
  10 kobolds
  5 kobold zombies
  A leopard gecko skeleton (D:4)
  17 orc zombies
  11 rats
  A crawling corpse (Elf:3)
737 creatures vanquished.

Vanquished Creatures (collateral kills)
  Rupert (D:12)
  2 deep elf blademasters
  Gastronok (Lair:2)
  A deep elf sorcerer (Elf:3)
  An orc warlord (Orc:1)
  2 ghost moths (Spider:4)
  Aizul (Spider:1)
  3 emperor scorpions
  A deep elf elementalist (Elf:3)
  The ghost of Mocet the Thaumaturge, a journeyman GnVM of Vehumet (D:12)
  2 deep elf annihilators (Elf:3)
  Snorg (D:11)
  A deep elf death mage (Elf:3)
  A deep elf high priest (Elf:3)
  2 hydras (D:12)
  2 rakshasas
  2 boulder beetles
  A catoblepas (Lair:2)
  4 centaur warriors
  6 two-headed ogres
  13 dancing weapons
  A two-headed ogre (shapeshifter) (Elf:2)
  2 ogre magi (Orc:2)
  12 death yaks
  10 deep elf knights
  4 unseen horrors
  A swamp dragon (Lair:6)
  2 deep trolls (Orc:2)
  9 deep elf archers
  2 orc knights (Orc:1)
  Pikel (D:6)
  8 ugly things
  20 deep elf magi
  13 wolf spiders
  12 orb spiders
  An orc sorcerer (Orc:2)
  2 cyclopes
  6 elephants
  2 moths of wrath
  A guardian serpent (Lair:6)
  2 torpor snails
  A gargoyle (D:11)
  6 black mambas
  2 rime drakes (Lair:6)
  6 cane toads
  2 kobold demonologists
  7 komodo dragons
  2 centaur skeletons
  3 demonic crawlers
  A yaktaur (D:15)
  19 jumping spiders
  3 hornets
  4 trolls
  8 slime creatures
  9 blink frogs
  3 dream sheep
  42 redbacks
  8 wyverns
  8 tarantellas
  A vampire (D:15)
  5 basilisks
  A wraith (D:13)
  9 yaks
  2 steam dragons (Lair:6)
  2 vampire mosquitoes (D:13)
  A warg (Orc:2)
  A naga (shapeshifter) (D:15)
  2 two-headed ogre zombies (D:11)
  14 water moccasins
  An acid dragon (Lair:6)
  4 ice beasts (Lair:2)
  7 orc warriors
  A swamp drake (Lair:6)
  A black bear (D:12)
  A sky beast (D:14)
  23 wolves
  16 ogres
  8 centaurs
  4 bullfrogs
  3 scorpions (D:11)
  A wyvern skeleton (D:11)
  19 killer bees
  7 wights
  2 howler monkeys (D:10)
  2 hounds
  3 centaur zombies
  A quasit (D:9)
  A bullfrog zombie (D:12)
  2 orc wizards
  3 orc priests
  A bullfrog skeleton (D:8)
  2 worker ants
  4 hell rats (Lair:3)
  2 iguanas
  4 ogre zombies (D:11)
  A gnoll (Orc:1)
  A howler monkey skeleton (D:10)
  2 adders (D:11)
  A white imp (D:9)
  A leopard gecko (D:11)
  18 orcs
  2 kobolds
  A quokka (D:9)
  A goblin (D:3)
  A goblin skeleton (D:11)
  3 goblin zombies (D:11)
  An orc skeleton (D:11)
  5 orc zombies (D:11)
  6 bushes
  3 crawling corpses (Elf:3)
  A plant (Lair:4)
503 creatures vanquished.

Vanquished Creatures (others)
  A deep elf elementalist (Elf:3)
  A reaper (IceCv)
  2 orc high priests
  5 orc knights
  An orc sorcerer (Elf:1)
  9 orc warriors
  2 deep elf magi
  2 ogres (Orc:2)
  9 orc wizards
  20 orc priests
  2 white imps (IceCv)
  4 ufetubi (IceCv)
  31 orcs
  97 fungi
  208 plants
394 creatures vanquished.

Grand Total: 1634 creatures vanquished

Notes
Turn   | Place    | Note
-------+----------+-------------------------------------------
     0 | D:1      | Revguard the Hill Orc Monk began the quest for the Orb.
     0 | D:1      | Reached XP level 1. HP: 19/19 MP: 1/1
   134 | D:1      | Reached XP level 2. HP: 18/27 MP: 2/2
   675 | D:2      | Reached XP level 3. HP: 23/33 MP: 3/3
   851 | D:2      | Found a blossoming altar of Fedhas.
   863 | D:2      | Reached skill level 1 in Armour
  1019 | D:2      | Found an iron altar of Okawaru.
  1031 | D:2      | Reached skill level 5 in Axes
  1031 | D:2      | Reached XP level 4. HP: 27/40 MP: 4/4
  1283 | D:2      | Found a shimmering blue altar of Sif Muna.
  1370 | D:2      | Found a snail-covered altar of Cheibriados.
  1370 | D:2      | Found a white marble altar of Elyvilon.
  1373 | D:2      | Found a glowing silver altar of Zin.
  1586 | D:2      | Gained mutation: You are partially covered in icy blue
                  | scales. (AC +2) [potion of mutation]
  1586 | D:2      | Gained mutation: You have a pair of small horns on your
                  | head. [potion of mutation]
  2001 | D:3      | You fall into a shaft and drop 3 floors!
  2001 | D:6      | Noticed Pikel
  2001 | D:6      | Noticed a lemure
  2001 | D:6      | Noticed a lemure
  2001 | D:6      | Noticed a lemure
  2001 | D:6      | Noticed a lemure
  2005 | D:6      | Found a staircase to the Ecumenical Temple.
  2005 | D:6      | Noticed a centaur
  2016 | D:5      | Entered Level 5 of the Dungeon
  2016 | D:5      | Found Uchaut's Antique Armour Emporium.
  2231 | D:5      | Reached XP level 5. HP: 46/47 MP: 5/5
  2275 | D:5      | Found Ofidgh's Book Emporium.
  2579 | D:5      | Found Kuskepti's Antique Weapon Shoppe.
  2724 | D:5      | Found a stormy altar of Qazlal.
  2797 | D:5      | Reached skill level 6 in Axes
  2942 | D:5      | Found Felevy's Distillery.
  2961 | D:5      | Became a worshipper of Beogh the Brigand
  2961 | D:5      | Reached * piety under Beogh
  2961 | D:5      | Reached ** piety under Beogh
  2970 | D:5      | Reached XP level 6. HP: 53/55 MP: 6/6
  3335 | D:4      | Reached skill level 1 in Invocations
  3398 | D:4      | Reached XP level 7. HP: 36/60 MP: 8/8
  3421 | D:4      | Reached skill level 5 in Fighting
  3421 | D:4      | Reached skill level 7 in Axes
  3421 | D:4      | Reached skill level 1 in Evocations
  3444 | D:4      | Found a sand-covered staircase.
  3454 | Ossuary  | Entered an ossuary
  3803 | Ossuary  | Reached *** piety under Beogh
  3849 | Ossuary  | Lost mutation: You have a pair of small horns on your head.
                  | [potion of mutation]
  3849 | Ossuary  | Lost mutation: You are partially covered in icy blue
                  | scales. (AC +2) [potion of mutation]
  3849 | Ossuary  | Gained mutation: You evolve. [potion of mutation]
  3849 | Ossuary  | Lost mutation: You evolve. [potion of mutation]
  3849 | Ossuary  | Gained mutation: You are robust. (+10% HP) [potion of
                  | mutation]
  3850 | Ossuary  | Lost mutation: You are robust. (+10% HP) [potion of
                  | mutation]
  3850 | Ossuary  | Gained mutation: Your mind is acute. (Int +2) [potion of
                  | mutation]
  3850 | Ossuary  | Gained mutation: Your flesh is heat resistant. (rF+)
                  | [potion of mutation]
  3878 | D:4      | Noticed Sigmund
  3884 | D:4      | Killed Sigmund
  3885 | D:4      | Reached skill level 5 in Armour
  3995 | D:4      | Reached XP level 8. HP: 68/68 MP: 10/10
  4170 | D:4      | Found a shadowy altar of Dithmenos.
  4208 | D:4      | Reached skill level 8 in Axes
  4413 | D:4      | Found a shimmering altar of Xom.
  4534 | D:4      | Found a sacrificial altar of Ru.
  4728 | D:4      | Found a glowing golden altar of the Shining One.
  5301 | D:3      | Gained Bogdar as an ally
  5764 | D:6      | Killed Pikel
  5765 | D:6      | Reached skill level 9 in Axes
  5765 | D:6      | Reached skill level 1 in Shields
  5952 | D:6      | Noticed Eustachio
  5969 | D:6      | Killed Eustachio
  5970 | D:6      | Reached XP level 9. HP: 57/74 MP: 8/12
  6068 | D:6      | Found an ornate altar of the Wu Jian Council.
  6654 | D:6      | Found Wodeison's Assorted Antiques.
  6656 | D:6      | Bought a shimmering scale mail for 234 gold pieces
  6666 | D:6      | Identified the +6 scale mail "Yxaow" {Str-5 Int+5} (You
                  | bought it in a shop on level 6 of the Dungeon)
  6925 | D:7      | Found a blossoming altar of Fedhas.
  7085 | D:7      | Reached **** piety under Beogh
  7418 | D:7      | Got a pair of heavily runed gloves
  7424 | D:7      | Identified the +0 pair of gloves "Xevaoq" {Harm +Fly Dex+4}
                  | (You found it on level 7 of the Dungeon)
  7469 | D:7      | Found a runed translucent door.
  7470 | D:7      | Noticed Crazy Yiuf
  7478 | D:7      | Killed Crazy Yiuf
  7712 | D:8      | Reached skill level 5 in Invocations
  7768 | D:8      | Found a sparkling altar of Nemelex Xobeh.
  7928 | D:8      | Reached skill level 10 in Axes
  8522 | D:9      | Noticed a two-headed ogre
  8530 | D:9      | Killed a two-headed ogre
  8531 | D:9      | Reached XP level 10. HP: 84/84 MP: 14/14
  8784 | D:9      | Reached skill level 11 in Axes
  8791 | D:9      | Noticed an obsidian statue
  8912 | D:9      | Killed an obsidian statue
  8920 | D:9      | Identified Sif Muna's Volume of Shape Shifting and
                  | Confrontation
  8980 | D:9      | Noticed a two-headed ogre
  8994 | D:9      | Killed a two-headed ogre
  8995 | D:9      | Reached skill level 5 in Evocations
  9589 | D:10     | Entered Level 10 of the Dungeon
  9607 | D:10     | Killed an unseen horror
  9635 | D:10     | Reached skill level 12 in Axes
 10158 | D:11     | Found a staircase to the Lair.
 10162 | D:11     | Gained Gorbash as an ally
 10163 | D:11     | Reached XP level 11. HP: 89/92 MP: 13/16
 10185 | D:11     | Reached ***** piety under Beogh
 10575 | D:11     | Noticed an eight-headed hydra
 10581 | D:11     | Killed an eight-headed hydra
 10585 | D:11     | Gained Wargath as an ally
 10641 | D:11     | Reached skill level 13 in Axes
 10642 | D:11     | Found a staircase to the Orcish Mines.
 10865 | D:11     | Noticed Snorg
 10875 | D:11     | Killed Snorg
 10903 | D:11     | Got a glimmering helmet
 10914 | D:11     | Identified the +2 helmet "Mocsij" {+Fly rF+} (You found it
                  | on level 11 of the Dungeon)
 11645 | D:12     | Noticed a green ugly thing
 11654 | D:12     | Killed a green ugly thing
 11722 | D:12     | Noticed a four-headed hydra
 11737 | D:12     | Killed a seven-headed hydra
 12019 | D:12     | Found a runed translucent gate.
 12020 | D:12     | Found a runed translucent gate.
 12023 | D:12     | Found a runed translucent gate.
 12024 | D:12     | Noticed an 11-headed hydra
 12026 | D:12     | Noticed Mocet's ghost (journeyman GnVM)
 12039 | D:12     | Reached skill level 10 in Armour
 12039 | D:12     | Reached XP level 12. HP: 100/103 MP: 11/18
 12089 | D:12     | Noticed a seven-headed hydra
 12095 | D:12     | Killed a seven-headed hydra
 12154 | D:12     | Gained Morguth as an ally
 12293 | D:12     | Noticed Rupert
 12309 | D:12     | Killed Rupert
 12310 | D:12     | Reached skill level 14 in Axes
 12720 | D:12     | Noticed a ten-headed hydra
 13036 | D:13     | Noticed a centaur warrior
 13046 | D:13     | Killed a centaur warrior
 13047 | D:13     | Reached skill level 10 in Invocations
 13073 | D:13     | Found Voly's Antique Weapon Boutique.
 13212 | D:13     | Found Coxavirui's Assorted Antiques.
 13258 | D:13     | Noticed a rakshasa
 13270 | D:13     | Killed a rakshasa
 13316 | D:13     | Found Ocosm's General Store.
 13317 | D:13     | Found a shimmering blue altar of Sif Muna.
 13478 | D:13     | Found a gate to the Vaults.
 13497 | D:13     | Found Xusofamp's Antique Armour Emporium.
 13505 | D:13     | Bought a runed buckler for 217 gold pieces
 13606 | D:13     | Reached XP level 13. HP: 112/112 MP: 20/20
 14006 | D:14     | Reached skill level 15 in Axes
 14031 | D:14     | Reached ****** piety under Beogh
 14039 | D:14     | Reached skill level 10 in Fighting
 14782 | D:15     | Entered Level 15 of the Dungeon
 14814 | D:15     | Reached skill level 5 in Shields
 15231 | D:15     | Reached skill level 5 in Dodging
 15490 | D:15     | Got a slimy quarterstaff
 15491 | D:15     | Identified the cursed +1 quarterstaff "Benyil" {vorpal,
                  | Str+6} (You found it on level 15 of the Dungeon)
 15753 | Orc:1    | Entered Level 1 of the Orcish Mines
 15753 | Orc:1    | Found a roughly hewn altar of Beogh.
 16003 | Orc:1    | You fall into a shaft and drop 1 floor!
 16003 | Orc:2    | Entered Level 2 of the Orcish Mines
 16003 | Orc:2    | Found Vorubaet's General Store.
 16008 | Orc:2    | Found Joipn's Gadget Boutique.
 16010 | Orc:2    | Gained Bogbarth as an ally
 16017 | Orc:2    | Reached skill level 16 in Axes
 16020 | Orc:2    | Reached XP level 14. HP: 109/122 MP: 22/22
 16022 | Orc:2    | Found Mivvom's Antique Weapon Shoppe.
 16045 | Orc:2    | Found Osebbalu's Gadget Shop.
 16228 | Orc:2    | Bought a +2 plate armour of fire resistance for 600 gold
                  | pieces
 16546 | Orc:2    | Found a staircase to the Elven Halls.
 16748 | Orc:1    | Noticed an orc warlord
 16755 | Orc:1    | Killed an orc warlord
 16978 | Orc:1    | Found a roughly hewn altar of Beogh.
 17639 | D:12     | Killed Mocet's ghost
 17981 | D:15     | Your ally Bogdar died
 18183 | D:15     | Found a staircase to the Depths.
 18508 | Lair:1   | Entered Level 1 of the Lair of Beasts
 18513 | Lair:1   | Reached skill level 10 in Evocations
 19449 | Lair:2   | Found a frozen archway.
 19471 | IceCv    | Entered an ice cave
 19501 | IceCv    | Gained Wargath as an ally
 19501 | IceCv    | Gained Margrim as an ally
 19503 | IceCv    | Your ally Margrim died
 19503 | IceCv    | Your ally Wargath died
 19717 | IceCv    | Killed a reaper
 20054 | IceCv    | Reached XP level 15. HP: 90/132 MP: 24/24
 20603 | Lair:2   | Found a hole to the Spider Nest.
 20890 | Lair:2   | Noticed Gastronok
 20903 | Lair:2   | Killed Gastronok
 21063 | Lair:2   | Reached skill level 17 in Axes
 21076 | Lair:2   | Gained Borgun as an ally
 21677 | Lair:3   | Gained Grimold as an ally
 22193 | Lair:3   | Found a staircase to the Shoals.
 23822 | Lair:5   | Found a staircase to the Slime Pits.
 24450 | Lair:6   | Entered Level 6 of the Lair of Beasts
 24463 | Lair:6   | Gained Gorg as an ally
 24467 | Lair:6   | Gained Bogwald as an ally
 24617 | Lair:6   | Reached XP level 16. HP: 141/141 MP: 26/26
 24953 | Lair:6   | Got a warped robe
 25349 | Lair:6   | Identified the +3 robe of Eternal Vigilance {Int+9} (You
                  | found it on level 6 of the Lair of Beasts)
 26396 | Spider:1 | Entered Level 1 of the Spider Nest
 26620 | Spider:1 | Gained Orbeogh as an ally
 26910 | Spider:1 | Noticed Aizul
 26917 | Spider:1 | Killed Aizul
 27174 | Spider:1 | Got an encrusted tower shield
 27187 | Spider:1 | Identified the cursed +0 tower shield of Quvokhlu {rC+
                  | Str-2 Int+2} (You found it on level 1 of the Spider Nest)
 27225 | Spider:1 | Noticed Josephine
 27231 | Spider:1 | Killed Josephine
 27233 | Spider:1 | Gained Bogric as an ally
 28110 | Spider:2 | Reached skill level 10 in Shields
 28715 | Spider:2 | Reached skill level 15 in Invocations
 29071 | Spider:3 | Reached XP level 17. HP: 149/151 MP: 25/28
 29473 | Spider:3 | Got a wavering garnet amulet
 29651 | Spider:4 | Entered Level 4 of the Spider Nest
 29862 | Spider:4 | Reached skill level 15 in Armour
 29996 | Spider:4 | Your ally Grimold died
 30007 | Spider:4 | Identified the amulet "Okiat" {Faith Slay+2} (You found it
                  | on level 3 of the Spider Nest)
 30102 | Spider:4 | Your ally Morguth died
 30109 | Spider:4 | Your ally Bogbarth died
 30276 | Spider:4 | Reached skill level 18 in Axes
 30313 | Spider:4 | Got a gossamer rune of Zot
 31348 | Elf:1    | Entered Level 1 of the Elven Halls
 32133 | Elf:1    | Reached XP level 18. HP: 159/161 MP: 29/29
 32864 | Elf:2    | Found Awull's Book Shoppe.
 33440 | Elf:2    | Found a huge runed translucent gate.
 33440 | Elf:2    | Found a huge runed translucent gate.
 33440 | Elf:2    | Found a huge runed translucent gate.
 33440 | Elf:2    | Found a huge runed translucent gate.
 33441 | Elf:2    | Found a huge runed translucent gate.
 33976 | Elf:2    | Noticed a deep elf blademaster
 33982 | Elf:2    | Killed a deep elf blademaster
 34275 | Elf:3    | Entered Level 3 of the Elven Halls
 34332 | Elf:3    | Reached skill level 15 in Fighting
 34352 | Elf:3    | Gained Orik as an ally
 35966 | Elf:3    | Found Huil's Magic Scroll Boutique.
 35972 | Elf:3    | Bought a scroll of acquirement for 936 gold pieces
 35972 | Elf:3    | Bought a scroll of enchant armour for 135 gold pieces
 35984 | Elf:3    | Acquired a +2 tower shield of reflection
 36330 | Elf:3    | Reached skill level 19 in Axes
 36338 | Elf:3    | Reached XP level 19. HP: 162/170 MP: 31/31
 36368 | Elf:3    | Identified the +4 halberd of the Penguin {flame, rN+ MP-9
                  | Int+2 SInv}
 36376 | Elf:3    | Identified the cursed +1 plate armour "Tiveumm" {Rampage
                  | rElec rPois rN++ Dex-3}
 36377 | Elf:3    | Identified the +6 chain mail of Supple Strength {rN+ Str+3
                  | Int+7}
 36379 | Elf:3    | Identified the +8 long sword of Pafforoo {vorpal, rElec rF-
                  | Str+5 Dex+4}
 36388 | Elf:3    | HP: 2/158 [deep elf master archer/arrow (28)]
 36390 | Elf:3    | Killed from afar by a deep elf death mage

Illustrated notes

Levels and vault maps discovered:
D:1:      lightli_arrival_quake, layout_basic, minmay_bisected
D:2:      layout_basic, nicolae_overflow_crystal_walls,
          overflow_temple_1_default, lemuel_coloured_pillars_altar,
          grunt_temple_overflow_open
D:3:      layout_loops_corners
D:4:      layout_basic, kennysheep_mini_moat, general_overflow_altar,
          nicolae_dithmenos_through_a_glass_darkly, nicolae_ossuary_entry_giza,
          nicolae_ru_great_annihilating_truth, uniq_sigmund
D:5:      layout_gridville, nicolae_qazlal_eye_of_the_storm, serial_shops, shop,
          kennysheep_little_box, nicolae_shop_crystal, shop, bh_walls_and_bars
D:6:      layout_layer_cave, pdpol_wu_jian_five_deadly_venoms,
          minmay_temple_entry_junction_2, serial_shops, nicolae_shop_trees,
          uniq_eustachio, uniq_pikel
D:7:      layout_loops_cross, minmay_curled_crystal,
          fedhas_bush_and_centaur_altar, uniq_crazy_yiuf_cottage
D:8:      layout_loops_ring, basic_altar, nicolae_underground_beach
D:9:      layout_basic, minivault_15
D:10:     layout_rooms
D:11:     layout_loops_ring, minmay_lair_entry_grove, zombieorc2_lemuel,
          uniq_snorg
D:12:     layout_roguey, gammafunk_ghost_hydra_chop, uniq_rupert
D:13:     layout_gridville, erik_vaults_1, serial_shops,
          nicolae_shop_window_shopping, nicolae_shop_trees, shop_fountains,
          nicolae_shop_overgrown_old_shop, basic_altar
D:14:     layout_small_grid, minmay_holes, drop_trap, kennysheep_generic_room_11
D:15:     gammafunk_enter_depths_forms, layout_loops_cross, grunt_decor_fettered
Lair:1:   layout_regular_city, grunt_megastairs_2
Lair:2:   regret_index_wax_grids, layout_cave_pods,
          nicolae_spider_entry_tight_spaces, portal_ice_cave_entry_ice_beasts,
          uniq_gastronok
Lair:3:   layout_roguey, shoals_dummy_entry, grunt_megastairs_5
Lair:4:   layout_misc_corridors, minmay_shattered_shrine
Lair:5:   layout_misc_corridors, minmay_slime_entry_pillars, serial_forest,
          infiniplex_forest_clump_large, infiniplex_forest_end_2,
          infiniplex_forest_lined_3, infiniplex_forest_diagonal,
          infiniplex_forest_end_2, infiniplex_forest_lined_room_2,
          infiniplex_forest_straight_1, infiniplex_forest_clump_cross,
          grunt_forest_large_clearing_hut, lemuel_fruit_fields,
          serial_bayou_shore_b, minmay_lair_oklob_chamber, lemuel_fruit_fields
Lair:6:   hangedman_lair_tendril_chambers, layout_regular_city,
          guppyfry_lair_end_dragon, serial_bayou_pond_a,
          grunt_forest_large_clearings
Spider:1: layout_spider_delve, uniq_aizul, uniq_josephine
Spider:2: layout_spider_delve, hangedman_spider_tarantella_strand
Spider:3: layout_spider_delve
Spider:4: grunt_spider_rune_island
Orc:1:    orc_temple, layout_diamond_mine, enter_bailey_7, basic_altar
Orc:2:    st_orc_open, layout_caves
Elf:1:    minmay_elf_arrival_summoners, layout_loops_cross,
          hangedman_elven_crosses_minicolossus, nicolae_elf_v_pinch
Elf:2:    layout_gridlike, serial_shops, nicolae_shop_stone
Elf:3:    elf_hall_gauntlet_narrow, layout_loops_corners, serial_shops,
          nicolae_shop_statue_plus, drop_trap

Skill      XL: |  1  2  3  4  5  6  7  8  9 10 11 12 13 14 15 16 17 18 19 |
---------------+----------------------------------------------------------+-----
Fighting       | 4 5 6 7 8 9 10 11 12 13 14 15 | 15.5
Armour         | 1 2 3 5 6 8 10 11 12 13 14 15 16 17 | 17.0
Axes           | 5 6 7 9 10 12 13 14 16 17 18 19 | 19.0
Invocations    | 1 2 4 6 7 9 10 11 12 13 15 16 | 16.7
Dodging        | 3 4 5 |  5.7
Evocations     | 1 3 4 5 6 8 9 10 11 12 13 | 13.1
Shields        | 1 2 3 4 5 7 8 10 11 | 11.9
Stealth        | |  1.5

Action                   |  1- 3 |  4- 6 |  7- 9 | 10-12 | 13-15 | 16-18 | 19-21 || total
-------------------------+-------+-------+-------+-------+-------+-------+-------++-------
Melee: Hand axe          |    87 |    62 |       |       |       |       |       ||   149
       War axe           |       |    94 |   373 |   396 |   786 |   823 |     7 ||  2479
       Headbutt          |       |    22 |    17 |       |       |       |       ||    39
Invok: Convert to Beogh  |       |     1 |       |       |       |       |       ||     1
       Smiting           |       |       |     1 |    10 |    13 |    11 |     3 ||    38
       Recall Orcish Fol |       |       |     2 |     5 |    19 |    13 |       ||    39
       Give Item to Name |       |       |       |     4 |     4 |     4 |       ||    12
       Resurrection      |       |       |       |       |     2 |     1 |       ||     3
 Abil: Evoke Flight      |       |       |     1 |     2 |       |       |       ||     3
Evoke: Wand              |       |       |       |     4 |     3 |     4 |     2 ||    13
       Phantom mirror    |       |       |       |       |     1 |       |     1 ||     2
       Lightning rod     |       |       |       |       |       |     5 |     1 ||     6
       Phial of floods   |       |       |       |       |       |     1 |       ||     1
  Use: Scroll            |       |     8 |     8 |    10 |    15 |    20 |       ||    61
       Potion            |       |     3 |     8 |     2 |     2 |     2 |     2 ||    19
 Stab: Sleeping          |     1 |       |       |       |       |       |       ||     1
       Distracted        |       |       |     1 |     7 |     6 |     7 |       ||    21
       Paralysed         |       |       |     1 |       |     1 |       |       ||     2
       Invisible         |       |       |       |       |    22 |       |       ||    22
       Confused          |       |       |       |       |     1 |       |       ||     1
Armor: Robe              |    10 |       |       |       |       |       |       ||    10
       Scale mail        |    30 |    77 |   161 |   239 |    96 |       |       ||   603
       Plate armour      |       |       |       |       |   290 |   466 |     9 ||   765
Dodge: Dodged            |    44 |    77 |   178 |   229 |   220 |   246 |       ||   994
Block: Other             |       |    16 |    80 |   102 |       |       |       ||   198
       Reflection        |       |     1 |       |     3 |    17 |     3 |     6 ||    30
       Buckler           |       |       |       |     5 |   463 |   485 |       ||   953
       Tower shield      |       |       |       |       |       |    14 |    16 ||    30
